 Dungeon Crawl Stone Soup version 0.17-a0-2127-g1cb09f6 (webtiles) character file.

242 bladedpenguin the Grave Robber (level 6, -1/30 HPs)
             Began as a Vine Stalker Necromancer on Oct 22, 2015.
             Slain by a slave (8 damage)
             ... led by Pikel
             ... on level 4 of the Dungeon.
             The game lasted 00:14:13 (3096 turns).

bladedpenguin the Grave Robber (VSNe)               Turns: 3096, Time: 00:14:13

Health: -1/30      AC:  3    Str: 11    XL:     6   Next: 9%
Magic:  0/12       EV: 12    Int: 17    God:
Gold:   109        SH:  0    Dex: 14    Spells: 3 memorised, 4 levels left

rFire  . . .     SeeInvis .     f - +2 short sword (flame)
rCold  . . .     Clarity  .     a - +1 robe
rNeg   . . .     SustAt   .     (no shield)
rPois  .         Gourm    .     (no helmet)
rElec  .         Spirit   +     (no cloak)
rCorr  .         Warding  .     (no gloves)
rMut   .         Stasis   .     (no boots)
MR     .....                    (no amulet)
Stlth  ++........               (no ring)
                                (no ring)

@: not resistant to hostile enchantments, unstealthy
A: fangs 2, regeneration 2, magic shield, antimagic bite, no device heal 3, rot
immunity
a: no special abilities


You were on level 4 of the Dungeon.
You were very hungry.

You visited 1 branch of the dungeon, and saw 4 of its levels.

You collected 109 gold pieces.

Inventory:

Hand Weapons
 e - a +0 short sword
 f - a +2 short sword of flaming (weapon)
 i - a +0 dagger
 p - a +1 flail of protection
Missiles
 o - 27 poisoned needles
Armour
 a - a +1 robe (worn)
 s - a +0 chain mail
Scrolls
 d - 3 scrolls of teleportation
 t - 2 scrolls of identify
Potions
 g - 2 potions of curing
 h - a potion of flight
 j - a potion of heal wounds {unknown}
 k - a potion of ambrosia {unknown}
 n - a potion of magic {unknown}
 q - a potion of mutation {unknown}
 u - a potion of agility {unknown}
Books
 b - a book of Necromancy

   Spells                             Type                      Level
   a - Pain                           Necromancy                   1
   b - Animate Skeleton               Necromancy                   1
   c - Vampiric Draining              Necromancy                   3
   d - Regeneration                   Charms/Necromancy            3
   e - Animate Dead                   Necromancy                   4
   f - Control Undead                 Necromancy                   4
Comestibles
 c - 4 bread rations
 l - a meat ration
 m - 2 slices of pizza
 r - a beef jerky


   Skills:
 + Level 1.2 Fighting
 + Level 0.1 Short Blades
 + Level 0.4 Armour
 + Level 2.3 Dodging
 + Level 3.0 Stealth
 + Level 3.7 Spellcasting
 + Level 5.4 Necromancy


You had 4 spell levels left.
You knew the following spells:

 Your Spells              Type           Power        Failure   Level  Hunger
a - Pain                  Necr           ###.         1%          1    None
b - Vampiric Draining     Necr           ###.......   8%          3    ###....
c - Animate Dead          Necr           N/A          21%         4    ####...


Dungeon Overview and Level Annotations

Branches:
Dungeon (4/15)
 Temple: D:4-7

Altars:

Annotations:
D:4 Pikel


Innate Abilities, Weirdness & Mutations

You have extremely sharp teeth.
You heal very quickly.
When hurt, damage is shared between your health and your magic reserves.
Your bite disrupts and absorbs the magic of your enemies.
Potions and wands cannot restore your health.
You are immune to rotting.


Message History

Press: ? - help, Shift-Dir - straight line, f/p - Pikel
Aim: Pikel, wielding a whip of electrocution, wearing a robe and carrying a wand of polymorph {empty} (heavily wounded) Pikel is severely wounded.
Pikel hits you but does no damage.
You are electrocuted!
Ouch! That really hurt!
You hit Pikel but do no damage.
Pikel is severely wounded.
Pikel hits you with a whip of electrocution.
The slave shouts!
You hear a shout!
You hear a shout!
Things that are here:
a leather armour; an orc skeleton The slave misses you.
You closely miss Pikel.
Pikel is severely wounded.
Pikel barely misses you. The slave hits you.
* * * LOW HITPOINT WARNING * * *
You closely miss Pikel. Your bite misses Pikel.
Pikel is severely wounded.
Pikel closely misses you. The slave hits you!
You die...

##.#########.#####.# #.# #.#
#.# #.# #.# ## #.# #.# #.#
#.# .# #.# #.#####.###.# .#
#.# #...........# .#
#.###############.##### .#
#.............# #.# .#
#..##########K# #.# .# #..#
#@# #.######## .# #..#
######p###.#......#
.###..#####....pp....÷.....≈#
............####.#####...÷≈≈#
..###.####### #.# #..≈≈≈≈#
### #.# #.# #..≈≈≈≈# #.# #.#
##≈≈≈≈.# #.# #.# ####### #..
..#


You could see Pikel and 3 slaves.

Vanquished Creatures
  An orc priest (D:3)
  A hound (D:4)
  An orc wizard (D:3)
  A worker ant (D:4)
  3 adders
  2 oozes
  3 worms (D:2)
  3 giant geckos
  14 orcs
  6 bats
  7 hobgoblins
  3 jackals (D:3)
  4 quokkas
  4 ball pythons
  7 giant cockroaches
  4 giant newts
  7 goblins
  A jackal skeleton (D:4)
  7 kobolds
  4 rats
83 creatures vanquished.

Notes
Turn   | Place    | Note
--------------------------------------------------------------
     0 | D:1      | bladedpenguin the Vine Stalker Necromancer began the quest for the Orb.
     0 | D:1      | Reached XP level 1. HP: 9/9 MP: 4/4
   166 | D:1      | Reached XP level 2. HP: 13/13 MP: 4/6
   415 | D:1      | Reached XP level 3. HP: 13/16 MP: 4/7
  1272 | D:2      | Learned a level 3 spell: Vampiric Draining
  1294 | D:2      | Reached XP level 4. HP: 21/21 MP: 5/9
  1314 | D:2      | Learned a level 4 spell: Animate Dead
  2135 | D:3      | Reached skill level 5 in Necromancy
  2219 | D:3      | Reached XP level 5. HP: 16/25 MP: 3/11
  2554 | D:3      | Reached skill level 1 in Fighting
  2703 | D:4      | Gained mutation: You heal very quickly. [Vine Stalker growth]
  2703 | D:4      | Reached XP level 6. HP: 24/30 MP: 12/12
  2761 | D:4      | Found a glowing drain.
  2844 | D:4      | Noticed a slave
  2844 | D:4      | Noticed a slave
  2847 | D:4      | Noticed Pikel
  2849 | D:4      | Noticed a slave
  2859 | D:4      | Noticed a slave
  3096 | D:4      | Slain by a slave

Vault maps used:
D:1:      dpeg_arrival_central
D:2:      wad_lake_hut, first_bread
D:4:      portal_sewer_entry_b, uniq_pikel

Action                   |  1- 3 |  4- 6 || total
-------------------------+-------+-------++-------
Melee: Unarmed           |     6 |       ||     6
       Short sword       |     5 |   105 ||   110
       Dagger            |    79 |    59 ||   138
 Cast: Pain              |    35 |     9 ||    44
       Vampiric Draining |       |    18 ||    18
  Use: Scroll            |     3 |     3 ||     6
       Potion            |     1 |     1 ||     2
 Stab: Sleeping          |     3 |     3 ||     6
  Eat: Chunk             |     2 |     5 ||     7
       Beef jerky        |       |     1 ||     1
